 Dungeon Crawl Stone Soup version 0.29-a0-553-g81b289dbe5 (webtiles) character file.

Game seed: 12633459908163734227

16 Armakuni the Charlatan (level 3, -4/29 HPs)
             Began as a Meteoran Artificer on June 6, 2022.
             Killed by divine providence
             ... invoked by an orc priest
              (13 damage)
             ... on level 4 of the Dungeon.
             The game lasted 00:03:25 (300 turns).

Armakuni the Charlatan (Meteoran Artificer)          Turns: 300, Time: 00:03:26

Health: -4/29      AC:  3    Str: 14    XL:     3   Next: 0%
Magic:  4/4        EV: 11    Int: 14    God:
Gold:   12         SH:  0    Dex: 14    Spells: 2/2 levels left

rFire   . . .      SeeInvis .   a - +2 long sword (holy)
rCold   . . .      Faith    +   (no shield)
rNeg    . . .      Spirit   .   b - +0 leather armour
rPois   .          Reflect  .   (no helmet)
rElec   .          Harm     .   (no cloak)
rCorr   .          Rampage  .   (no gloves)
Will    .....                   (no boots)
Stlth   +.........              U - amulet of faith
HPRegen 0.09/turn               (no ring)
MPRegen 0.09/turn               (no ring)

@: glowing
A: sense surroundings 1, otherworldly, glowing, explore regen
a: no special abilities


You were on level 4 of the Dungeon.
You visited 1 branch of the dungeon, and saw 4 of its levels.

You collected 12 gold pieces.

Inventory:

Hand Weapons
 a - a +2 long sword of holy wrath (weapon)
Armour
 b - a +0 leather armour (worn)
Jewellery
 U - an amulet of faith (around neck)
Wands
 c - a wand of flame (14) (quivered)
 d - a wand of charming (13)
 e - a wand of iceblast (9)
Potions
 f - a potion of curing
 h - a potion of degeneration
 i - a potion of brilliance {unknown}


   Skills:
 + Level 2.1 Fighting
 + Level 1.5 Long Blades
 - Level 0.5 Maces & Flails
 - Level 2.4 Armour
 - Level 1.2 Dodging
 - Level 0.6 Stealth
 - Level 3.6 Evocations


You had 2 spell levels left.
You didn't know any spells.
Your spell library was empty.

Dungeon Overview and Level Annotations

Branches:
Dungeon (4/15)
 Temple: D:4-7

Altars:

Shops:
D:1 [


Innate Abilities, Weirdness & Mutations

You passively map a small area around you.
You are easily found by Zot.
You glow in the dark.
You regain HP and MP as you explore.


Message History

Found a robe.
You open the door.
There is an open door here.
Found a robe.
You open the door.
There is an open door here.
Found a stone staircase leading down.
There is a stone staircase leading down here.
You climb downwards.
Found 12 gold pieces.
Found a stone staircase leading down.
There is a stone staircase leading up here.
Found a stone staircase leading up.
Found 16 gold pieces.
You now have 12 gold pieces.
There is a stone staircase leading down here.
You climb downwards.
The orc wizard shouts!
You hear a shout! x2
Found 12 gold pieces.
Found a stone staircase leading up.
There is a stone staircase leading up here.
There is a stone staircase leading up here.
Aiming: Throw Flame
Press: ? - help, Shift-Dir - straight line, f - orc wizard
Aim: an orc wizard, wielding a +0 dagger and wearing a +0 robe (64% to hit)
The puff of flame misses the orc wizard.
An orc priest comes into view. It is wielding a +0 mace.
The orc wizard gestures at you while chanting.
The puff of flame hits you!
Aiming: Charm
Press: ? - help, Shift-Dir - straight line, f/p - orc wizard
Aim: an orc wizard, wielding a +0 dagger and wearing a +0 robe (chance to affect: 58%)
The orc wizard resists with significant effort.
The orc wizard casts a spell at you. The puff of flame hits you!
Aiming: Charm
Press: ? - help, Shift-Dir - straight line, f/p - orc wizard
Aim: an orc wizard, wielding a +0 dagger and wearing a +0 robe (chance to affect: 58%)
The orc wizard resists with significant effort.
The orc priest calls down the wrath of Beogh upon you.
Beogh smites you!
You die...

* , ####
, * , $o.
, **
*#o######
, *
#.@<...+
, *
########
* , * ,,
* * * * ,
* ,* * *
, , * * *
* * , ,


You could see an orc priest and an orc wizard.

Vanquished Creatures
  A dart slug (D:1)
  2 endoplasms (D:1)
  A goblin (D:1)
  A hobgoblin (D:1)
  3 kobolds
  A quokka (D:1)
  2 ball pythons
  2 bats (D:1)
13 creatures vanquished.

Notes
Turn   | Place    | Note
-------+----------+-------------------------------------------
     0 | D:1      | Armakuni the Meteoran Artificer began the quest for the
                  | Orb.
     0 | D:1      | Reached XP level 1. HP: 16/16 MP: 2/2
    12 | D:1      | Found Yhum's Antique Armour Shop.
   154 | D:1      | Reached XP level 2. HP: 11/23 MP: 3/3
   189 | D:2      | Reached skill level 1 in Long Blades
   239 | D:1      | Reached XP level 3. HP: 12/29 MP: 4/4
   250 | D:1      | You fall into a shaft and drop 1 floor!
   300 | D:4      | Killed from afar by an orc priest

Illustrated notes

Levels and vault maps discovered:
D:1:      amcnicky_arrival_gap_in_the_tavern_cellar, layout_loops_corners,
          serial_shops, shop
D:2:      layout_basic, basic_altar, uniq_terence
D:3:      layout_rooms
D:4:      layout_basic, lemuel_doored_altar

Skill      XL: |  1  2 |
---------------+-------+-----
Long Blades    | 1 |  1.5
Fighting       | 2 |  2.1
Maces & Flails | |  0.5
Armour         | |  2.4
Dodging        | |  1.2
Stealth        | |  0.6
Evocations     | |  3.6

Action                   || total
-------------------------++-------
Melee: Club              ||    13
       Long sword        ||    35
Evoke: Wand              ||     3
  Use: Scroll            ||     2
Armor: Leather armour    ||    14
Dodge: Dodged            ||    32

Table legend: (Time is in decaauts)
 A = Elapsed time spent in this place.
 B = Non-inter-level travel time spent in this place.
 C = Inter-level travel time spent in this place.
 D = Time resting spent in this place.
 E = Time spent auto-exploring this place.
 F = Levels seen in this place.
 G = Mean time per level.
                   A        B        C        D        E       F      G
               +--------+--------+--------+--------+--------+-----+--------+
         Total |    315 |    315 |      0 |      0 |     80 |   4 |   78.8 |
       Dungeon |    315 |    315 |      0 |      0 |     80 |   4 |   78.8 |
               +--------+--------+--------+--------+--------+-----+--------+

Top non-repeatable levels by time:
     D:1: 257 daAuts
     D:2: 46 daAuts
     D:3: 7 daAuts
     D:4: 3 daAuts
